 Dungeon Crawl Stone Soup version 0.31-a0-150-g89dc3ad700 (webtiles) character file.

Game seed: 14314527647193269386

393 qw the Skirmisher (level 6, -9/47 (52) HPs)
             Began as a Minotaur Hunter on June 8, 2023.
             Mangled by a wight
             ... wielding a +4 mace
              (11 damage)
             ... on level 4 of the Dungeon.
             The game lasted 00:00:53 (2283 turns).

qw the Skirmisher (Minotaur Hunter)                 Turns: 2283, Time: 00:00:53

HP:   -9/47 (52)    AC:  6    Str: 16    XL:     6   Next: 51%
MP:   5/5           EV: 11    Int:  6    God:
Gold: 258           SH:  5    Dex: 15    Spells: 5/5 levels left

rFire   . . .        Y - +2 shortbow
rCold   . . .        (shield currently unavailable)
rNeg    . . .        e - +0 ring mail
rPois   .            (helmet restricted)
rElec   .            (no cloak)
rCorr   .            j - +0 pair of gloves
SInv    .            (no boots)
Will    .....        i - amulet of reflection
Stlth   +            (no ring)
HPRegen 0.27/turn    (no ring)
MPRegen 0.09/turn

%: reflection
@: about to teleport, drained
A: horns 2, retaliatory headbutt
a: no special abilities


You were on level 4 of the Dungeon.
You visited 1 branch of the dungeon, and saw 4 of its levels.

You collected 258 gold pieces.


Innate Abilities, Weirdness & Mutations

You have a pair of horns on your head.
You reflexively headbutt those who attack you in melee.


   Skills:
 + Level 4.0 Fighting
 - Level 8.0 Ranged Weapons
 - Level 1.0 Armour
 - Level 2.1 Dodging
 - Level 0.7 Stealth


You had 5 spell levels left.
You didn't know any spells.
Your spell library was empty.

Inventory:

Hand Weapons
 Y - a +2 shortbow (weapon)
Armour
 e - a +0 ring mail (worn)
 j - a +0 pair of gloves (worn)
Jewellery
 i - an amulet of reflection (around neck)
Scrolls
 b - 2 scrolls of identify
Potions
 a - a potion of mutation {unknown}
 c - 2 potions of curing {unknown}
 d - a potion of degeneration {unknown}
 f - 2 potions of resistance
 g - a potion of lignification {unknown}

Dungeon Overview and Level Annotations

Branches:
Dungeon (4/15)
 Temple: D:4-7

Altars:
Ashenzari
Elyvilon
Qazlal
Wu Jian


Message History

Found a robe.
You see here a +0 robe.
Found a robe. 2 wights come into view.
The wight throws a stone.
The stone hits you.
A wight comes into view. It is wielding a +4 mace.
You shoot an arrow. The arrow hits the wight.
The wight is moderately damaged.
A wight comes into view. It is wielding a +0 dagger.
You shoot an arrow. The arrow barely misses the wight.
The wight hits you with a +4 mace.
You feel drained.
You shoot an arrow. The arrow hits the wight.
The wight is moderately damaged.
You shoot an arrow. The arrow barely misses the wight.
The wight hits you but does no damage. The wight hits you with a +4 mace.
You shoot an arrow. The arrow closely misses the wight.
The wight closely misses you. The wight barely misses you.
You furiously retaliate!
You headbutt the wight! You shoot an arrow. The arrow barely misses the wight.
You shoot an arrow. The arrow hits the wight.
The wight is severely damaged.
The wight hits you with a +4 mace!
You feel drained.
You shoot an arrow. The arrow hits the wight.
The wight is almost destroyed.
The wight closely misses you. You block the wight's attack.
You shoot an arrow.
The arrow hits the wight but does no damage.
The wight is almost destroyed.
The wight hits you but does no damage. The wight hits you with a +4 mace!
You feel drained.
You shoot an arrow.
The arrow hits the wight but does no damage.
The wight is almost destroyed.
The wight hits you with a +4 mace!
The wight hits you with a +3 short sword.
2283 ||| READING scroll of teleportation.
As you read the scroll of teleportation, it crumbles to dust.
You feel strangely unstable. The wight hits you with a +4 mace!
You die...

# .#.#
#########....#
#.....zzzz...#
#@# #.# #.#
#.# #.# #.#
#.# #[# #.#


You could see 4 wights.

Vanquished Creatures
  Grinder (D:4)
  A scorpion (D:4)
  A jelly (D:2)
  5 adders
  A worm (D:3)
  A dart slug (D:1)
  5 bats
  8 endoplasms
  4 giant cockroaches
  4 goblins
  3 hobgoblins
  5 kobolds
  3 quokkas
  8 ball pythons
  2 frilled lizards (D:2)
  6 rats
58 creatures vanquished.

Notes
Turn   | Place    | Note
-------+----------+-------------------------------------------
     0 | D:1      | qw the Minotaur Hunter began the quest for the Orb.
     0 | D:1      | Reached XP level 1. HP: 18/18 MP: 0/0
     0 | D:1      | 0 ||| qw: Version: 0.2-a-120-gdf1a93b
     0 | D:1      | 0 ||| qw: Game counter: 3011
     0 | D:1      | 0 ||| qw: Always use a shield: true
     0 | D:1      | 0 ||| qw: God list: Okawaru
     0 | D:1      | 0 ||| qw: Allow faded altars: false
     0 | D:1      | 0 ||| qw: Do Orc after D:15 true
     0 | D:1      | 0 ||| qw: Do second Lair branch before Depths: true
     0 | D:1      | 0 ||| qw: Lair rune preference: random
     0 | D:1      | 0 ||| qw: Plans: Normal
     0 | D:1      | 0 ||| PLANNING D:1-11
   219 | D:1      | Reached XP level 2. HP: 25/25 MP: 1/1
   266 | D:1      | Reached skill level 5 in Ranged Weapons
   532 | D:1      | Reached skill level 3 in Fighting
   538 | D:1      | 538 ||| READING scroll labelled FOUWKA MOSIY.
   539 | D:1      | 539 ||| READING scroll labelled XETWAL HERO.
   544 | D:1      | 544 ||| DROPPING scroll of butterflies.
   704 | D:2      | Reached XP level 3. HP: 31/31 MP: 2/2
  1098 | D:2      | Reached XP level 4. HP: 38/38 MP: 3/3
  1174 | D:2      | Reached skill level 6 in Ranged Weapons
  1451 | D:2      | 1451 ||| UPGRADING to +0 ring mail.
  1461 | D:2      | 1461 ||| DROPPING +0 leather armour.
  1462 | D:2      | 1462 ||| UPGRADING to +0 pair of gloves.
  1467 | D:2      | 1467 ||| UPGRADING to amulet of reflection.
  1472 | D:2      | 1472 ||| READING scroll labelled XISSA CIGUSUS.
  1473 | D:2      | 1473 ||| READING scroll labelled EWACIR ZUSU.
  1474 | D:2      | 1474 ||| READING scroll labelled XACAOH LYGIMN.
  1475 | D:2      | 1475 ||| DRINKING 2 sedimented coppery potions.
  1538 | D:3      | Found a broken altar of Ashenzari.
  1613 | D:3      | Found an ornate altar of the Wu Jian Council.
  1647 | D:3      | Found a stormy altar of Qazlal.
  1660 | D:3      | Reached skill level 1 in Armour
  1765 | D:3      | Found a white marble altar of Elyvilon.
  1784 | D:3      | 1784 ||| READING scroll of enchant weapon.
  1784 | D:3      | 1784 ||| ENCHANTING +1 shortbow.
  2038 | D:4      | Reached XP level 5. HP: 46/46 MP: 4/4
  2113 | D:4      | Noticed Grinder
  2130 | D:4      | 2130 ||| FLEEEEING.
  2135 | D:4      | 2135 ||| FLEEEEING.
  2136 | D:4      | 2136 ||| FLEEEEING.
  2144 | D:4      | Killed Grinder
  2145 | D:4      | Reached skill level 8 in Ranged Weapons
  2145 | D:4      | Reached XP level 6. HP: 27/52 MP: 5/5
  2282 | D:4      | HP: 7/47 [wight/+4 mace (12)]
  2282 | D:4      | HP: 2/47 [wight/+3 short sword (5)]
  2283 | D:4      | 2283 ||| READING scroll of teleportation.
  2283 | D:4      | Mangled by a wight

Levels and vault maps discovered:
D:1:      heliophobic_arrival_enchanted_forest, layout_basic
D:2:      layout_basic, minmay_misc_feat_tower, minmay_small_reverse_x
D:3:      layout_basic, lemuel_crystal_altar, nicolae_elyvilon_peaceful_grove,
          nicolae_wu_jian_wuxing_cycle, amcnicky_altar_gilded
D:4:      layout_loops_ring, uniq_grinder

Skill      XL: |  1  2  3  4  5 |
---------------+----------------+-----
Ranged Weapons | 5 6 8 |  8.0
Fighting       | 3 4 |  4.0
Armour         | 1 |  1.0
Dodging        | |  2.1
Stealth        | |  0.7

Action                     |  1- 3 |  4- 6 || total
---------------------------+-------+-------++-------
   Fire: Shortbow          |    86 |    97 ||   183
    Use: Scroll            |     2 |     5 ||     7
         Potion            |       |     1 ||     1
 Armour: Leather armour    |     5 |     1 ||     6
         Ring mail         |       |    14 ||    14
  Dodge: Dodged            |    10 |    22 ||    32
  Block: Other             |       |    11 ||    11

Table legend:
 A = Non-vault XP
 B = Vault XP
 C = Vault XP percentage of total XP
 D = Non-vault monster count
 E = Vault monster count
 F = Vault count percentage of total count
                 A         B        C        D         E       F
            +---------+---------+-------+---------+---------+-------
      Total |     267 |     295 |  52.5 |      53 |       5 |   8.6
            +---------+---------+-------+---------+---------+-------
        D:1 |      31 |       0 |   0.0 |      17 |       0 |   0.0
        D:2 |     107 |      18 |  14.4 |      20 |       4 |  16.7
        D:3 |      39 |       0 |   0.0 |      13 |       0 |   0.0
        D:4 |      90 |     277 |  75.5 |       3 |       1 |  25.0
            +---------+---------+-------+---------+---------+-------
